AoeStats
← Cloudy

Arabian Desert

508709583Analyzed
1v1 RM · 9d ago on Sep 23, 2026· 23m 50s· 2 players
Game mode
Random Map
Map size
Tiny (2 player)
Population
200
Speed
Normal
Resources
Standard
Victory
Conquest
Starting age
Dark Age
Ending age
Imperial Age
RankedLock teamsTeams togetherTeam positionsShared explorationLock speedFull tech treeHidden civsTurbo modeCheats
Victory
Defeat
🇨🇭 Magyars · Switzerland
1388
+16
🇩🇪 Danes · Germany
1382
-16
Cloudy
6:58 Loom
9:09 Feudal Age
9:16 Man-at-Arms
12:15 Double-Bit Axe
21:29 Castle Age
20:28 Scale Mail Armor
20:39 Forging
21:30 Gold Mining
21:24 Horse Collar
23:12 Chain Mail Armor
KoenigLeoVii
6:18 Loom
8:56 Feudal Age
10:16 Double-Bit Axe
13:22 Horse Collar
21:20 Castle Age
19:18 Gold Mining
20:46 Bloodlines
20:46 Scale Barding Armor
22:51 Bow Saw
Connection lost

Rejoining the realm…

Still unreachable

The connection could not be restored.

Session expired

The server has moved on; the page needs a fresh start.